 Dungeon Crawl Stone Soup version 0.30-a0-169-g06f667207d (webtiles) character file.

Game seed: 5209043158116854142

53 qw the Chopper (level 3, 0/23 HPs)
             Began as a Gargoyle Fighter on Sept 29, 2022.
             Slain by a gnoll
             ... wielding a +0 spear
              (3 damage)
             ... on level 2 of the Dungeon.
             The game lasted 00:00:24 (1285 turns).

qw the Chopper (Gargoyle Fighter)                   Turns: 1285, Time: 00:00:24

Health: 0/23       AC: 10    Str: 21    XL:     3   Next: 87%
Magic:  3/3        EV:  9    Int:  8    God:
Gold:   50         SH:  4    Dex:  9    Spells: 2/2 levels left

rFire   . . .      SeeInvis .    Y - +0 war axe
rCold   . . .      Faith    .    c - +0 buckler
rNeg    + . .      Spirit   .    b - +0 scale mail
rPois   inf        Reflect  .    (no helmet)
rElec   +          Harm     .    (no cloak)
rCorr   .          Rampage  .    (no gloves)
Will    .....                    (no boots)
Stlth   ..........               (no amulet)
HPRegen 0.07/turn                (no ring)
MPRegen 0.08/turn                (no ring)

@: no status effects
A: sickness immunity, AC +3, negative energy resistance 1, electricity
resistance, torment resistance 1, petrification resistance
a: no special abilities


You were on level 2 of the Dungeon.
You visited 1 branch of the dungeon, and saw 2 of its levels.

You collected 50 gold pieces.


Innate Abilities, Weirdness & Mutations

You are immune to sickness and miasma.
Your stone body is resilient. (AC +3)
You are immune to poison.
You resist negative energy. (rN+)
You are resistant to electric shocks. (rElec)
You are resistant to unholy torment.
You are immune to petrification.


   Skills:
 - Level 3.2 Fighting
 + Level 3.7 Axes
 - Level 3.2 Armour
 - Level 3.2 Shields


You had 2 spell levels left.
You didn't know any spells.
Your spell library was empty.

Inventory:

Hand Weapons
 g - a +0 flail
 Y - a +0 war axe (weapon)
Armour
 b - a +0 scale mail (worn)
 c - a +0 buckler (worn)
Scrolls
 a - a scroll of blinking {unknown}
Potions
 d - a potion of might
 i - a potion of curing {unknown}

Dungeon Overview and Level Annotations

Branches:
Dungeon (2/15)

Altars:


Message History

You slash the gnoll!
You kill the gnoll!
You slash the plant! You hit the gnoll. You block the gnoll's attack.
The gnoll hits you but does no damage.
You hit the gnoll but do no damage.
The gnoll is moderately wounded.
You hit the plant.
A nearby plant withers and dies.
The gnoll barely misses you.
The gnoll hits you from afar with a +0 spear.
You slash the gnoll!
The gnoll is almost dead.
You hit the plant but do no damage.
A nearby plant withers and dies.
The gnoll hits you with a +1 vorpal flail.
The gnoll hits you from afar with a +0 spear.
The gnoll barely misses you. The gnoll hits you but does no damage.
You block the gnoll's attack.
The gnoll hits you from afar with a +0 spear.
You barely miss the gnoll.
The gnoll is almost dead.
The gnoll hits you with a +1 vorpal flail.
You block the gnoll's attack. The gnoll misses you.
1282 ||| DRINKING potion of heal wounds.
You feel much better. You block the gnoll's attack.
The gnoll barely misses you. x2
You barely miss the gnoll.
The gnoll is almost dead.
The gnoll hits you with a +1 vorpal flail.
The gnoll hits you but does no damage.
The gnoll hits you from afar with a +0 spear.
You closely miss the gnoll.
The gnoll is almost dead.
The gnoll hits you but does no damage. You block the gnoll's attack.
The gnoll barely misses you.
The gnoll hits you with a +1 vorpal flail!
The gnoll closely misses you. The gnoll barely misses you.
You slash the gnoll!
You kill the gnoll!
The gnoll hits you from afar with a +0 spear.
You die...

###.....####### ####.#.#
#......# ########
#.##...###.......
#.#....#...P...
#.##.>.#)#.P7
#######...........7
............###...777..P
........#.#.....@.gP....
#######.#...####))g.....
#.#.#.......P.....
#.#.####...P777... #.#.#
#.#..7 .P #...# #...P7 P
##### #.#.P. # #...


You could see 2 gnolls.

Vanquished Creatures
  3 gnolls
  A dart slug (D:1)
  4 ball pythons
  6 endoplasms
  A giant cockroach (D:1)
  3 goblins (D:1)
  A hobgoblin (D:2)
  3 kobolds (D:1)
  3 quokkas (D:1)
  2 bats (D:1)
27 creatures vanquished.

Vanquished Creatures (others)
  11 plants
11 creatures vanquished.

Grand Total: 38 creatures vanquished

Notes
Turn   | Place    | Note
-------+----------+-------------------------------------------
     0 | D:1      | qw the Gargoyle Fighter began the quest for the Orb.
     0 | D:1      | Reached XP level 1. HP: 14/14 MP: 1/1
     0 | D:1      | 0 ||| qw: Version: 0.2-a-12-gaebbb33
     0 | D:1      | 0 ||| qw: Game counter: 1356
     0 | D:1      | 0 ||| qw: Always use a shield: true
     0 | D:1      | 0 ||| qw: God list: Okawaru
     0 | D:1      | 0 ||| qw: Allow faded altars: false
     0 | D:1      | 0 ||| qw: Do Orc after D:15 true
     0 | D:1      | 0 ||| qw: Do second Lair branch before Depths: true
     0 | D:1      | 0 ||| qw: Lair rune preference: random
     0 | D:1      | 0 ||| qw: Plans: Normal, Zot:1-4, God:TSO, Crypt, Tomb,
                  | Pan, Slime:5, Hells, Abyss, Orb
     0 | D:1      | 0 ||| PLANNING D:1-11
   335 | D:1      | Reached XP level 2. HP: 17/19 MP: 2/2
   395 | D:1      | HP: 2/19 [gnoll/+0 flail (7)]
   398 | D:1      | Reached skill level 3 in Axes
   692 | D:1      | Reached XP level 3. HP: 23/23 MP: 3/3
   692 | D:1      | 692 ||| DROPPING +0 club.
   859 | D:1      | Found a faded altar of an unknown god.
  1214 | D:1      | 1214 ||| READING scroll labelled YLAOGH ODIO.
  1218 | D:1      | 1218 ||| READING 2 scrolls labelled XAQIEDWUPOUL.
  1219 | D:1      | 1219 ||| DRINKING 2 red potions.
  1220 | D:1      | 1220 ||| DROPPING scroll of noise.
  1281 | D:2      | HP: 4/23 [gnoll/+1 vorpal flail (2)]
  1282 | D:2      | 1282 ||| DRINKING potion of heal wounds.
  1285 | D:2      | Slain by a gnoll

Levels and vault maps discovered:
D:1:      dpeg_arrival_oval, layout_basic,
          hellmonk_ecumenical_altar_pennies_from_heaven, kennysheep_doodads,
          nicolae_grassy_gnolls
D:2:      layout_basic, kennysheep_boxes

Skill      XL: |  1  2 |
---------------+-------+-----
Axes           | 2 3 |  3.7
Fighting       | |  3.2
Armour         | |  3.2
Shields        | |  3.2

Action                   || total
-------------------------++-------
Melee: War axe           ||    66
  Use: Scroll            ||     2
       Potion            ||     2
Armor: Scale mail        ||    24
Dodge: Dodged            ||    34
Block: Buckler           ||    12

Table legend:
 A = Non-vault XP
 B = Vault XP
 C = Vault XP percentage of total XP
 D = Non-vault monster count
 E = Vault monster count
 F = Vault count percentage of total count
                 A         B        C        D         E       F
            +---------+---------+-------+---------+---------+-------
      Total |      75 |      15 |  16.7 |      26 |       1 |   3.7
            +---------+---------+-------+---------+---------+-------
        D:1 |      41 |      15 |  26.8 |      21 |       1 |   4.5
        D:2 |      34 |       0 |   0.0 |       5 |       0 |   0.0
            +---------+---------+-------+---------+---------+-------
